 Dungeon Crawl Stone Soup version 0.28-a0-664-gc179e30c89 (webtiles) character file.

Game seed: 11254820929375288844

349 1994 the Magician (level 6, -4/47 HPs)
             Began as a Djinni Air Elementalist on Oct 15, 2021.
             Slain by Maggie (7 damage)
             ... on level 6 of the Dungeon.
             The game lasted 00:11:07 (3821 turns).

1994 the Magician (Djinni Air Elementalist)         Turns: 3821, Time: 00:11:08

Health: -4/47      AC:  3    Str:  7    XL:     6   Next: 92%
Gold:   128        EV: 13    Int: 19    God:
                   SH:  0    Dex: 13

rFire   + + .      SeeInvis .   a - +2 dagger (flame)
rCold   x . .      Faith    .   (no shield)
rNeg    . . .      Spirit   .   c - +0 robe
rPois   ∞          Reflect  .   (no helmet)
rElec   .          Harm     .   (no cloak)
rCorr   +          Rampage  .   e - +0 pair of gloves
Will    .....                   (boots unavailable)
Stlth   ++........              (no amulet)
HPRegen 0.15/turn               l - ring of resist corrosion
MPRegen 0.00/turn               (no ring)

@: flying, mesmerised
A: sickness immunity, fire resistance 2, cold vulnerability 1, float, innate
caster, hp casting, extra vitality 1
a: no special abilities


You were on level 6 of the Dungeon.
You visited 1 branch of the dungeon, and saw 6 of its levels.

You collected 128 gold pieces.

Inventory:

Hand Weapons
 a - a +2 dagger of flaming (weapon)
 b - a +1 falchion of freezing
Armour
 c - a +0 robe (worn)
 e - a +0 pair of gloves (worn)
 k - a +0 kite shield
 n - a +0 leather armour
Jewellery
 l - a ring of resist corrosion (left hand)
Wands
 j - a wand of digging (2)
Scrolls
 d - a scroll of magic mapping {unknown}
 h - a scroll of teleportation {unknown}
Potions
 f - 3 potions of curing
 g - a potion of cancellation
 i - a potion of resistance {unknown}
 m - a potion of degeneration {unknown}


   Skills:
 * Level 3.9 Fighting
 + Level 3.8 Dodging
 - Level 1.5 Stealth
 * Level 3.9 Spellcasting


You couldn't memorise any spells.
You knew the following spells:

 Your Spells              Type           Power      Damage    Failure   Level
a - Shock                 Conj/Air       72%        1d7       2%          1
b - Static Discharge      Conj/Air       18%        N/A       4%          2
c - Swiftness             Air            18%        N/A       9%          3
d - Airstrike             Air            9%         N/A       26%         4
e - Animate Skeleton      Necr           36%        N/A       2%          1
f - Passwall              Tmut/Erth      15%        N/A       4%          2
Your spell library was empty.

Dungeon Overview and Level Annotations

Branches:
Dungeon (7/15)
 Temple: D:4-7

Altars:
Okawaru

Annotations:
D:6 Blork the orc, Maggie


Innate Abilities, Weirdness & Mutations

You are immune to sickness and miasma.
You are immune to poison.
Your flesh is very heat resistant. (rF++)
You are vulnerable to cold. (rC-)
You float through the air rather than walking.
You learn spells naturally, not from books.
Your magical power is your life essence.
You have superior vitality. (+4 HP)


Message History

Unknown command.
Unknown command.
Casting: Shock (safe; 2% risk of failure)
Confirm with . or Enter, or press ? or * to list all spells.
Blork the orc is struck by an arc of lightning!
Blork the orc is heavily wounded.
The lightning grounds out.
Blork the orc hits you with a +0 battleaxe!
* * * LOW HITPOINT WARNING * * *
Maggie barely misses you.
Unknown command.
Unknown command.
Casting: Static Discharge (safe; 4% risk of failure)
Confirm with . or Enter, or press ? or * to list all spells.
Blork the orc is struck by an arc of lightning!
Blork the orc is severely wounded.
Maggie is struck by an arc of lightning.
Maggie is moderately wounded.
The lightning grounds out.
Maggie is struck by an arc of lightning.
Maggie is moderately wounded.
The lightning grounds out.
* * * LOW HITPOINT WARNING * * *
Blork the orc barely misses you. Maggie barely misses you.
Blork the orc hits you with a +0 battleaxe.
* * * LOW HITPOINT WARNING * * *
Unknown command.
Casting: Static Discharge (safe; 4% risk of failure)
Confirm with . or Enter, or press ? or * to list all spells.
Blork the orc is struck by an arc of lightning.
Blork the orc is almost dead.
You are struck by an arc of lightning.
* * * LOW HITPOINT WARNING * * *
The lightning grounds out.
* * * LOW HITPOINT WARNING * * *
Blork the orc points at you and mumbles some strange words.
The puff of flame hits you. You resist.
* * * LOW HITPOINT WARNING * * *
Maggie hits you with a +0 long sword!
You die...

#.# #.......... #.#
#.......... #.#
#.......... #.#
#..........
##.##########........
#....................
#..#.######.#........
#..#.##..............
#####...@..........P..###
#......o@....####PP#+##
########.....# ##+#
.>....# ###...## ...#
$..# ...# ....


You could see Maggie (mesmerising) and Blork the orc (fast).

Vanquished Creatures
  Eustachio (D:6)
  A bullfrog zombie (D:6)
  Terence (D:3)
  Ijyb (D:3)
  4 gnolls (D:2)
  3 adders
  An adder skeleton (D:4)
  2 dart slugs
  9 ball pythons
  3 endoplasms
  2 giant cockroaches (D:2)
  4 goblins
  3 hobgoblins
  2 jackals (D:1)
  2 quokkas
  4 bats
  5 frilled lizards
  5 kobolds
  9 rats
62 creatures vanquished.

Notes
Turn   | Place    | Note
-------+----------+-------------------------------------------
     0 | D:1      | 1994 the Djinni Air Elementalist began the quest for the
                  | Orb.
     0 | D:1      | Reached XP level 1. HP: 15/15 MP: 0/0
   265 | D:1      | Reached XP level 2. HP: 16/22 MP: 0/0
   567 | D:1      | Reached skill level 1 in Fighting
   729 | D:1      | Found a faded altar of an unknown god.
   988 | D:1      | Reached XP level 3. HP: 23/27 MP: 0/0
   988 | D:1      | Learned a level 1 spell: Animate Skeleton
  1553 | D:2      | Reached XP level 4. HP: 28/33 MP: 0/0
  1979 | D:2      | Found an iron altar of Okawaru.
  2300 | D:3      | Noticed Terence
  2315 | D:3      | Killed Terence
  2316 | D:3      | Reached XP level 5. HP: 22/39 MP: 0/0
  2316 | D:3      | Learned a level 2 spell: Passwall
  2494 | D:3      | Noticed Ijyb
  2506 | D:3      | Killed Ijyb
  3542 | D:4      | You are sucked into a shaft and drop 3 floors!
  3654 | D:6      | Noticed Eustachio
  3666 | D:6      | Killed Eustachio
  3667 | D:6      | Reached XP level 6. HP: 32/47 MP: 0/0
  3813 | D:6      | Noticed Blork the orc
  3814 | D:6      | Noticed Maggie
  3821 | D:6      | Slain by Maggie

Illustrated notes

Levels and vault maps discovered:
D:1:      minmay_arrival_stair_chambers, layout_loops_corners,
          ebering_ecumenical_altar_rust, minivault_19
D:2:      layout_loops_ring, basic_altar
D:3:      layout_basic, minivault_27, st_stairs_6, uniq_ijyb, uniq_terence
D:4:      layout_cave_pools, serial_shops, nicolae_shop_crystal
D:6:      corexii_shantytown, layout_basic, gup_sewer_entry_bowl,
          gammafunk_ghost_necromancy, hex_intersection, uniq_eustachio,
          uniq_maggie, uniq_blork_the_orc
D:7:      layout_layer_cave, makhleb_altar_promises_db,
          mainiacjoe_overflow_alcove_1, minmay_temple_entry_proselytizer,
          minmay_misc_feat_chi

Skill      XL: |  1  2  3  4  5 |
---------------+----------------+-----
Fighting       | 1 2 3 |  3.9
Spellcasting   | 3 |  3.9
Dodging        | 3 |  3.8
Stealth        | |  1.5

Action                   |  1- 3 |  4- 6 || total
-------------------------+-------+-------++-------
Melee: Dagger            |       |     2 ||     2
 Cast: Shock             |    58 |    92 ||   150
       Static Discharge  |       |     3 ||     3
  Use: Scroll            |       |     2 ||     2
 Stab: Sleeping          |       |     2 ||     2
Armor: Robe              |     2 |     1 ||     3
Dodge: Dodged            |     5 |    24 ||    29

Table legend: (Time is in decaauts)
 A = Elapsed time spent in this place.
 B = Non-inter-level travel time spent in this place.
 C = Inter-level travel time spent in this place.
 D = Time resting spent in this place.
 E = Time spent auto-exploring this place.
 F = Levels seen in this place.
 G = Mean time per level.
                   A        B        C        D        E       F      G
               +--------+--------+--------+--------+--------+-----+--------+
         Total |   3817 |   3741 |     76 |   1143 |   1980 |   6 |  636.2 |
       Dungeon |   3817 |   3741 |     76 |   1143 |   1980 |   6 |  636.2 |
               +--------+--------+--------+--------+--------+-----+--------+

Top non-repeatable levels by time:
     D:1: 1206 daAuts
     D:3: 1161 daAuts
     D:2: 1092 daAuts
     D:6: 264 daAuts
     D:4: 79 daAuts
     D:7: 13 daAuts
